[ AOE2 MATCH · #478614649 ]
UnrankedChinese vs Chinese
Player's team · LOSS
Rival team · WIN
[ REPLAY ANALYSIS · EXTRACTED FROM THE RECORDED GAME ]
Feudal
8:59
Castle
19:26
Imperial
—
| APM avg | 74.6 |
| APM peak | 123 |
| eAPM avg | 34.5 |
| Villagers / military | 54 / 36 |
Focus
⚔️ 62.8% · 🌾 37.2%
Archer ×26 · Monk ×4 · Scout Cavalry ×3 · Spearman ×2 · Knight ×1
Feudal
8:55
Castle
19:26
Imperial
—
| APM avg | 65.7 |
| APM peak | 106 |
| eAPM avg | 18.4 |
| Villagers / military | 64 / 23 |
Focus
⚔️ 36.5% · 🌾 63.5%
Knight ×16 · Scout Cavalry ×3 · Spearman ×2 · Iron Pagoda ×2
Match map
Initial resources + every placement click. Lines = walls · curves = elevation contours. ◆ gold · ⬟ stone · ● berries · ✦ relic · ◌ wall gap
Your base· ✓ Closed at 19:26 · 43t walls · 1 gate(s)
Ry4n's base· Open — unwalled flank
Smoothed initial terrain · ◌ = detected wall gap · hover for details
Inputs per minute
— Zamaa - - Ry4n
Build order — Zamaa
First 150 of 157 actions detected
| 0:27 | Research | Loom |
| 0:44 | Create | Villager (Male) |
| 1:18 | Create | Villager (Male) |
| 1:18 | Create | Villager (Male) |
| 1:35 | Build | Lumber Camp |
| 1:40 | Create | Villager (Male) |
| 2:10 | Create | Villager (Male) |
| 2:10 | Create | Villager (Male) |
| 2:41 | Create | Villager (Male) |
| 2:41 | Create | Villager (Male) |
| 2:59 | Create | Villager (Male) |
| 3:29 | Create | Villager (Male) |
| 3:36 | Create | Villager (Male) |
| 3:37 | Create | Villager (Male) |
| 3:43 | Build | Mill |
| 4:29 | Build | House |
| 4:48 | Create | Villager (Male) |
| 5:11 | Create | Villager (Male) |
| 5:55 | Create | Villager (Male) |
| 6:23 | Create | Villager (Male) |
| 6:40 | Research | Feudal Age |
| 7:25 | Build | Barracks |
| 7:49 | Build | House |
| 7:53 | Build | House |
| 8:32 | Build | Mill |
| 8:59 | Age | Feudal Age |
| 9:01 | Create | Villager (Male) |
| 9:02 | Create | Villager (Male) |
| 9:08 | Build | Stable |
| 9:32 | Research | Double-Bit Axe |
| 9:34 | Create | Spearman |
| 9:47 | Create | Villager (Male) |
| 9:56 | Create | Scout Cavalry |
| 9:56 | Create | Scout Cavalry |
| 10:15 | Build | House |
| 10:29 | Build | Farm |
| 10:30 | Build | Farm |
| 10:31 | Build | Farm |
| 10:34 | Build | Farm |
| 10:43 | Create | Villager (Male) |
| 10:52 | Build | Farm |
| 10:55 | Build | Farm |
| 11:14 | Create | Villager (Male) |
| 11:18 | Build | Farm |
| 11:19 | Build | Farm |
| 11:20 | Build | Farm |
| 11:44 | Create | Villager (Male) |
| 11:44 | Create | Villager (Male) |
| 12:01 | Build | Farm |
| 12:02 | Build | Farm |
| 12:06 | Build | Farm |
| 12:09 | Create | Villager (Male) |
| 12:13 | Build | Farm |
| 12:32 | Create | Villager (Male) |
| 12:44 | Build | House |
| 12:54 | Create | Villager (Male) |
| 12:59 | Build | Palisade Wall |
| 13:14 | Build | Archery Range |
| 13:25 | Build | Farm |
| 13:35 | Create | Spearman |
| 13:40 | Create | Scout Cavalry |
| 13:46 | Build | Farm |
| 13:49 | Build | Palisade Wall |
| 13:50 | Build | Palisade Wall |
| 13:51 | Build | Palisade Wall |
| 14:01 | Build | House |
| 14:02 | Build | House |
| 14:28 | Create | Villager (Male) |
| 14:28 | Create | Villager (Male) |
| 14:35 | Build | Mining Camp |
| 15:04 | Create | Villager (Male) |
| 15:14 | Build | Archery Range |
| 15:16 | Build | Archery Range |
| 15:18 | Create | Villager (Male) |
| 15:35 | Build | House |
| 15:37 | Build | House |
| 15:40 | Build | House |
| 15:41 | Build | House |
| 16:14 | Build | Palisade Wall |
| 16:29 | Create | Villager (Male) |
| 16:46 | Research | Castle Age |
| 17:12 | Create | Villager (Male) |
| 17:13 | Build | Farm |
| 17:16 | Create | Archer |
| 17:34 | Build | Blacksmith |
| 17:41 | Create | Archer |
| 17:41 | Create | Archer |
| 17:54 | Research | Gold Mining |
| 17:55 | Research | Gold Mining |
| 17:56 | Create | Archer |
| 18:11 | Build | Palisade Wall |
| 18:17 | Research | Fletching |
| 18:37 | Create | Archer |
| 18:37 | Create | Archer |
| 18:49 | Create | Archer |
| 19:21 | Build | Palisade Gate |
| 19:26 | Age | Castle Age |
| 19:28 | Research | Crossbowman (upgrade) |
| 19:32 | Create | Villager (Male) |
| 19:41 | Build | Town Center |
| 19:51 | Create | Archer |
| 19:51 | Create | Archer |
| 19:57 | Research | Bodkin Arrow |
| 20:16 | Create | Villager (Male) |
| 20:24 | Build | House |
| 20:27 | Create | Villager (Male) |
| 20:33 | Create | Archer |
| 20:42 | Create | Archer |
| 20:57 | Create | Villager (Male) |
| 20:58 | Create | Archer |
| 21:19 | Create | Archer |
| 21:20 | Create | Villager (Male) |
| 21:21 | Create | Villager (Male) |
| 21:32 | Create | Archer |
| 21:35 | Research | Padded Archer Armor |
| 21:35 | Research | Padded Archer Armor |
| 21:36 | Create | Villager (Male) |
| 21:46 | Create | Archer |
| 21:46 | Create | Archer |
| 21:50 | Create | Villager (Male) |
| 21:50 | Create | Villager (Male) |
| 21:55 | Create | Villager (Male) |
| 21:56 | Create | Villager (Male) |
| 22:00 | Build | Farm |
| 22:29 | Research | Bow Saw |
| 22:40 | Create | Archer |
| 22:40 | Create | Archer |
| 22:59 | Create | Villager (Male) |
| 22:59 | Create | Villager (Male) |
| 23:17 | Create | Knight |
| 23:22 | Create | Villager (Male) |
| 23:22 | Create | Villager (Male) |
| 23:24 | Create | Archer |
| 23:25 | Create | Archer |
| 23:36 | Build | Siege Workshop |
| 23:42 | Build | Monastery |
| 23:45 | Create | Archer |
| 23:46 | Create | Archer |
| 23:47 | Create | Villager (Male) |
| 23:49 | Build | Farm |
| 24:10 | Create | Villager (Male) |
| 24:11 | Create | Archer |
| 24:11 | Create | Archer |
| 24:22 | Build | Town Center |
| 25:17 | Create | Archer |
| 25:17 | Create | Archer |
| 25:18 | Create | Villager (Male) |
| 25:18 | Create | Villager (Male) |
| 25:33 | Create | Monk |
| 25:33 | Create | Monk |
Build order — Ry4n
First 150 of 164 actions detected
| 0:00 | Research | Loom |
| 0:02 | Build | House |
| 0:48 | Create | Villager (Male) |
| 1:18 | Create | Villager (Male) |
| 1:25 | Build | Lumber Camp |
| 1:40 | Create | Villager (Male) |
| 2:15 | Create | Villager (Male) |
| 2:15 | Create | Villager (Male) |
| 2:34 | Create | Villager (Male) |
| 2:44 | Build | House |
| 2:59 | Create | Villager (Male) |
| 3:19 | Create | Villager (Male) |
| 3:39 | Create | Villager (Male) |
| 4:13 | Create | Villager (Male) |
| 4:14 | Create | Villager (Male) |
| 4:24 | Build | Mill |
| 4:31 | Create | Villager (Male) |
| 4:37 | Create | Villager (Male) |
| 4:44 | Create | Villager (Male) |
| 6:00 | Create | Villager (Male) |
| 6:45 | Research | Feudal Age |
| 7:15 | Build | Barracks |
| 7:17 | Build | House |
| 7:55 | Build | Palisade Wall |
| 8:39 | Create | Villager (Male) |
| 8:50 | Create | Villager (Male) |
| 8:55 | Age | Feudal Age |
| 8:57 | Build | Stable |
| 8:57 | Research | Double-Bit Axe |
| 9:03 | Research | Horse Collar |
| 9:14 | Create | Spearman |
| 9:27 | Build | House |
| 9:29 | Build | Palisade Wall |
| 9:32 | Create | Scout Cavalry |
| 9:32 | Create | Scout Cavalry |
| 9:49 | Build | Farm |
| 9:55 | Create | Villager (Male) |
| 9:59 | Build | House |
| 10:00 | Build | Palisade Wall |
| 10:24 | Build | Mill |
| 10:28 | Create | Villager (Male) |
| 10:28 | Create | Villager (Male) |
| 10:33 | Build | Palisade Wall |
| 10:39 | Build | House |
| 10:41 | Build | Palisade Wall |
| 10:43 | Create | Villager (Male) |
| 10:48 | Build | Palisade Wall |
| 10:58 | Build | Farm |
| 11:10 | Create | Scout Cavalry |
| 11:16 | Build | Farm |
| 11:40 | Build | House |
| 11:43 | Create | Villager (Male) |
| 11:44 | Create | Villager (Male) |
| 12:06 | Build | Palisade Wall |
| 12:10 | Build | Farm |
| 12:12 | Build | Farm |
| 12:13 | Build | Farm |
| 12:15 | Create | Villager (Male) |
| 12:22 | Build | House |
| 12:29 | Create | Villager (Male) |
| 12:49 | Create | Villager (Male) |
| 12:57 | Create | Spearman |
| 13:01 | Build | Farm |
| 13:02 | Build | Farm |
| 13:02 | Build | Farm |
| 13:21 | Create | Villager (Male) |
| 13:33 | Create | Villager (Male) |
| 13:36 | Build | Mining Camp |
| 13:46 | Build | Farm |
| 14:06 | Create | Villager (Male) |
| 14:07 | Build | Farm |
| 14:08 | Build | Farm |
| 14:23 | Create | Villager (Male) |
| 14:25 | Build | Farm |
| 14:44 | Create | Villager (Male) |
| 14:46 | Build | Farm |
| 15:01 | Create | Villager (Male) |
| 15:13 | Build | Farm |
| 15:14 | Create | Villager (Male) |
| 15:14 | Create | Villager (Male) |
| 15:33 | Create | Villager (Male) |
| 15:38 | Build | Blacksmith |
| 16:06 | Create | Villager (Male) |
| 16:46 | Research | Castle Age |
| 17:08 | Research | Forging |
| 17:33 | Build | Lumber Camp |
| 17:45 | Research | Bloodlines |
| 18:04 | Build | Farm |
| 18:06 | Build | Farm |
| 18:39 | Research | Wheelbarrow |
| 18:59 | Build | House |
| 19:26 | Age | Castle Age |
| 19:28 | Create | Knight |
| 19:30 | Research | Scale Barding Armor |
| 19:30 | Create | Villager (Male) |
| 19:31 | Create | Villager (Male) |
| 19:31 | Create | Villager (Male) |
| 19:33 | Build | Town Center |
| 19:38 | Build | Siege Workshop |
| 19:43 | Create | Villager (Male) |
| 19:51 | Build | House |
| 19:52 | Build | House |
| 19:54 | Create | Villager (Male) |
| 19:55 | Create | Villager (Male) |
| 20:01 | Create | Knight |
| 20:18 | Create | Iron Pagoda |
| 20:34 | Research | Husbandry |
| 20:43 | Create | Villager (Male) |
| 20:46 | Build | House |
| 20:47 | Build | House |
| 21:02 | Create | Knight |
| 21:15 | Create | Knight |
| 21:26 | Create | Villager (Male) |
| 21:29 | Build | Market |
| 21:37 | Create | Villager (Male) |
| 21:38 | Create | Villager (Male) |
| 21:38 | Create | Villager (Male) |
| 21:39 | Create | Villager (Male) |
| 21:40 | Create | Villager (Male) |
| 21:40 | Create | Villager (Male) |
| 21:43 | Build | House |
| 21:44 | Build | House |
| 21:51 | Create | Knight |
| 22:00 | Create | Villager (Male) |
| 22:20 | Research | Chain Barding Armor |
| 22:20 | Research | Chain Barding Armor |
| 22:25 | Create | Villager (Male) |
| 22:28 | Build | House |
| 22:34 | Create | Knight |
| 22:35 | Create | Villager (Male) |
| 22:35 | Create | Villager (Male) |
| 22:42 | Create | Villager (Male) |
| 22:48 | Build | Stable |
| 22:52 | Create | Knight |
| 23:02 | Create | Villager (Male) |
| 23:05 | Build | House |
| 23:22 | Create | Iron Pagoda |
| 23:32 | Build | Farm |
| 23:33 | Create | Villager (Male) |
| 23:38 | Create | Villager (Male) |
| 23:46 | Create | Knight |
| 23:48 | Build | Farm |
| 23:48 | Create | Villager (Male) |
| 24:09 | Create | Villager (Male) |
| 24:10 | Build | House |
| 24:15 | Create | Villager (Male) |
| 24:29 | Create | Knight |
| 24:29 | Create | Knight |
| 25:00 | Create | Knight |
| 25:00 | Create | Knight |
Match timeline
| 7:15 | Ry4n · first_building Barracks |
| 7:25 | Zamaa · first_building Barracks |
| 7:55 | Ry4n · wall_segment Palisade Wall x6 |
| 8:55 | Ry4n · age_up feudal |
| 8:57 | Ry4n · first_building Stable |
| 8:59 | Zamaa · age_up feudal |
| 9:08 | Zamaa · first_building Stable |
| 9:29 | Ry4n · wall_segment Palisade Wall x4 |
| 10:00 | Ry4n · wall_segment Palisade Wall x5 |
| 10:33 | Ry4n · wall_segment Palisade Wall x5 |
| 10:41 | Ry4n · wall_segment Palisade Wall x6 |
| 10:48 | Ry4n · wall_segment Palisade Wall x11 |
| 12:06 | Ry4n · wall_segment Palisade Wall x4 |
| 12:59 | Zamaa · wall_segment Palisade Wall x18 |
| 13:14 | Zamaa · first_building Archery Range |
| 13:49 | Zamaa · wall_segment Palisade Wall x1 |
| 13:50 | Zamaa · wall_segment Palisade Wall x1 |
| 13:51 | Zamaa · wall_segment Palisade Wall x1 |
| 16:14 | Zamaa · wall_segment Palisade Wall x8 |
| 18:11 | Zamaa · wall_segment Palisade Wall x16 |
| 19:26 | Zamaa · age_up castle |
| 19:26 | Ry4n · age_up castle |
| 19:38 | Ry4n · first_building Siege Workshop |
| 22:19 | Ry4n · first_market_sell 100 food |
| 23:36 | Zamaa · first_building Siege Workshop |
| 23:42 | Zamaa · first_building Monastery |
| 25:47 | Ry4n · first_market_buy 100 food |
| 26:57 | Zamaa · resign |
[ AI ANALYSIS · 1 CREDIT ]
What really happened in this match?
Wolo.gg analyzes every decision: build order, eco, micro, common mistakes by bracket. Personalized analysis on WhatsApp or Discord in 30 seconds.
Civ guide
Chinese
Perfil
Jugador #8913439